 Dungeon Crawl Stone Soup version 0.30-a0-585-g93115170b9 (webtiles) character file.

Game seed: 6399312897470615909

3210 wormed the Grappler (level 9, -3/88 HPs)
             Began as a Troll Gladiator on Jan 2, 2023.
             Slain by a gnoll sergeant
             ... wielding a +0 halberd
              (11 damage)
             ... in a bailey.
             The game lasted 00:09:01 (5303 turns).

wormed the Grappler (Troll Gladiator)               Turns: 5303, Time: 00:09:02

Health: -3/88      AC:  7    Str: 28    XL:     9   Next: 65%
Magic:  8/8        EV: 11    Int:  4    God:
Gold:   370        SH:  0    Dex: 11    Spells: 8/8 levels left

rFire   . . .      SeeInvis .      - Unarmed
rCold   . . .      Faith    .    (no shield)
rNeg    + . .      Spirit   .    u - +1 robe {rN+}
rPois   .          Reflect  .    b - +2 hat
rElec   .          Harm     .    (no cloak)
rCorr   .          Rampage  .    (gloves unavailable)
Will    .....                    (boots unavailable)
Stlth   +                        (no amulet)
HPRegen 1.14/turn                (no ring)
MPRegen 0.11/turn                (no ring)

@: flying, hasted, very quick
A: large, unfitting armour, claws 3, regeneration 1, shaggy fur 1, tough skin 1
a: no special abilities


You were in a bailey.
You visited 1 branch of the dungeon, and saw 8 of its levels.
You also visited: Bailey.

You collected 370 gold pieces.

Inventory:

Missiles
 c - 3 throwing nets (quivered)
 s - a large rock
Armour
 a - a +1 robe
 b - a +2 hat (worn)
 u - a +1 robe of positive energy (worn)
Jewellery
 g - a ring of fire
Wands
 e - a wand of acid (9)
 t - a wand of roots (16)
Scrolls
 i - a scroll of immolation
 k - 2 scrolls of fog
 l - 2 scrolls of teleportation
Potions
 f - a potion of resistance
 n - 4 potions of mutation
 p - a potion of haste
 q - a potion of flight
 r - a potion of attraction {unknown}


   Skills:
 + Level 5.2 Fighting
 - Level 1.7 Throwing
 + Level 5.7 Dodging
 + Level 5.3 Shields
 * Level 9.2 Unarmed Combat


You had 8 spell levels left.
You didn't know any spells.
Your spell library contained the following spells:

 Spells                   Type           Power      Damage    Failure   Level
 Freeze                   Ice            0%         1d3       50%         1
 Magic Dart               Conj           0%         1d3       50%         1
 Necrotise                Necr           0%         1d4       50%         1
 Blink                    Tloc           0%         N/A       65%         2
 Call Imp                 Summ           0%         N/A       65%         2
 Cigotuvi's Dreadful Rot  Necr/Pois/Air  0%         N/A       65%         2
 Ensorcelled Hibernation  Hex/Ice        0%         N/A       65%         2
 Passwall                 Tmut/Erth      0%         N/A       65%         2
 Poisonous Vapours        Pois/Air       0%         N/A       65%         2
 Frozen Ramparts          Ice            0%         1d1       86%         3
 Hailstorm                Conj/Ice       0%         3d3       86%         3
 Mephitic Cloud           Conj/Pois/Air  0%         N/A       86%         3
 Swiftness                Air            0%         N/A       86%         3
 Vampiric Draining        Necr           0%         2d6       86%         3
 Dispel Undead            Necr           0%         3d6       99%         4
 Manifold Assault         Tloc           0%         N/A       99%         4
 Passage of Golubria      Tloc           0%         N/A       99%         4
 Agony                    Necr           0%         N/A       100%        5
 Silence                  Hex/Air        0%         N/A       100%        5
 Death Channel            Necr           0%         N/A       100%        6
 Storm Form               Tmut/Air       0%         N/A       100%        7
 Lehudib's Crystal Spear  Conj/Erth      0%         10d2      100%        8


Dungeon Overview and Level Annotations

Branches:
Dungeon (8/15)               Lair (0/5) D:8          Bailey (1/1)
 Temple: D:4-7

Altars:
Xom
Yredelemnul

Annotations:
D:3 3 runed translucent doors, lunkers's ghost, weakling MeFi


Innate Abilities, Weirdness & Mutations

You are too large for most types of armour.
You have claws for hands.
Your natural rate of healing is unusually fast.
You are covered in fur. (AC +1)
You have tough skin. (AC +1)


Message History

The gnoll barely misses you.
You scratch the gnoll but do no damage.
The gnoll is lightly wounded.
The gnoll barely misses you. The gnoll closely misses you.
You claw the gnoll!
The gnoll is severely wounded.
The gnoll hits you from afar with a +0 spear.
The gnoll barely misses you.
You barely miss the gnoll.
The gnoll is severely wounded.
You scratch the gnoll.
You kill the gnoll!
The gnoll closely misses you.
A gnoll comes into view. It is wielding a +0 spear.
The gnoll hits you with a +0 spear.
The gnoll shouts!
You claw the gnoll!
You kill the gnoll!
The gnoll sergeant hits you from afar with a +0 halberd.
Things that are here:
a +0 spear; a +0 chain mail; 19 gold pieces The gnoll sergeant hits you from afar with a +0 halberd!
The gnoll sergeant hits you with a +0 halberd!
* * * LOW HITPOINT WARNING * * *
The gnoll hits you but does no damage.
You barely miss the gnoll sergeant.
The gnoll sergeant completely misses you.
The gnoll closely misses you.
You claw the gnoll sergeant!
The gnoll sergeant is moderately wounded.
The gnoll sergeant hits you with a +0 halberd!
* * * LOW HITPOINT WARNING * * *
The gnoll hits you but does no damage.
It was a potion of haste.
You feel yourself speed up. The gnoll sergeant closely misses you.
The gnoll barely misses you.
It was a potion of flight.
You feel very buoyant.
You fly up into the air.
The gnoll sergeant hits you from afar with a +0 halberd!
You die...

#...')).....♣♣♣#
#####..≈...♣♣
#.)≈..♣♣ #..≈.(♣
#..≈..♣ #g.≈.♣♣
###g.≈.♣
#######...≈≈♣♣
≈≈≈≈≈≈≈@≈≈≈♣♣
♣♣♣♣♣♣♣♣♣♣♣♣


You could see a gnoll sergeant and a gnoll.

Vanquished Creatures
  Pikel (D:6)
  A human (D:4)
  An ice beast (D:6)
  4 black bears
  2 ogres
  A centaur (D:6)
  2 lemures (D:6)
  2 gnoll sergeants
  3 bullfrogs
  4 scorpions
  3 wights (D:6)
  6 killer bees (D:8)
  A howler monkey (D:4)
  2 orc priests
  2 jellies
  A gnoll bouda (D:5)
  A human zombie (D:4)
  4 hounds
  2 iguanas
  9 orc wizards
  15 gnolls
  6 adders
  A white imp (D:5)
  An ufetubus (D:5)
  A worm (D:2)
  3 dart slugs
  29 orcs
  6 endoplasms
  4 giant cockroaches
  6 goblins
  2 hobgoblins
  3 jackals (D:1)
  5 quokkas
  5 ball pythons
  4 bats
  3 frilled lizards
  14 kobolds
  4 rats
164 creatures vanquished.

Vanquished Creatures (others)
  5 plants (D:2)
5 creatures vanquished.

Grand Total: 169 creatures vanquished

Notes
Turn   | Place    | Note
-------+----------+-------------------------------------------
     0 | D:1      | wormed the Troll Gladiator began the quest for the Orb.
     0 | D:1      | Reached XP level 1. HP: 19/19 MP: 0/0
   128 | D:1      | Reached XP level 2. HP: 27/28 MP: 1/1
   748 | D:2      | Reached XP level 3. HP: 35/35 MP: 2/2
   789 | D:2      | Reached skill level 1 in Shields
  1000 | D:2      | Found a faded altar of an unknown god.
  1419 | D:3      | Reached XP level 4. HP: 25/42 MP: 3/3
  1430 | D:3      | Reached skill level 4 in Unarmed Combat
  1813 | D:3      | Found a runed translucent gate.
  1813 | D:3      | Found a runed translucent gate.
  1813 | D:3      | Found a runed translucent gate.
  1816 | D:3      | Noticed lunkers's ghost (weakling MeFi)
  1819 | D:3      | Identified the +6 ring mail of Repulsion {Will+}
  2229 | D:4      | Noticed an ogre
  2357 | D:4      | Noticed a black bear
  2367 | D:4      | Killed a black bear
  2368 | D:4      | Reached XP level 5. HP: 33/50 MP: 4/4
  2480 | D:4      | Reached XP level 6. HP: 59/59 MP: 5/5
  2499 | D:4      | Reached skill level 5 in Unarmed Combat
  2784 | D:4      | Found a runed translucent door.
  2784 | D:4      | Noticed a human
  2785 | D:4      | Found a basalt altar of Yredelemnul.
  2844 | D:4      | Killed a human
  2845 | D:4      | Reached XP level 7. HP: 58/67 MP: 6/6
  2993 | D:5      | Entered Level 5 of the Dungeon
  3408 | D:5      | Reached skill level 6 in Unarmed Combat
  3618 | D:5      | Reached XP level 8. HP: 66/78 MP: 7/7
  3938 | D:6      | Reached skill level 7 in Unarmed Combat
  4415 | D:6      | Reached skill level 5 in Dodging
  4415 | D:6      | Reached skill level 8 in Unarmed Combat
  4421 | D:6      | Reached XP level 9. HP: 84/85 MP: 8/8
  4436 | D:6      | Noticed Pikel
  4448 | D:6      | Killed Pikel
  4734 | D:7      | You fall into a shaft and drop 1 floor!
  4771 | D:8      | Reached skill level 5 in Shields
  4797 | D:8      | Reached skill level 5 in Fighting
  4860 | D:8      | Found a shimmering altar of Xom.
  4943 | D:8      | Reached skill level 9 in Unarmed Combat
  4943 | D:8      | HP: 4/88 [gnoll/+0 flail[a gnoll sergeant] (11)]
  5081 | D:8      | Found a staircase to the Lair.
  5233 | D:8      | Found a flagged portal.
  5245 | Bailey   | Entered a bailey
  5303 | Bailey   | Slain by a gnoll sergeant

Illustrated notes

Levels and vault maps discovered:
D:1:      ebering_hopf_link, layout_loops_ring
D:2:      layout_rooms, basic_ecumenical_altar, minmay_misc_feat_more_columns,
          corexii_hall_statues_x, corexii_shack,
          nicolae_kite_square_tiling_tiny, minivault_4, lexackson_kobold_supper
D:3:      layout_basic, biasface_ghost_orc_armoury
D:4:      minmay_inner_zag, layout_cave_pools, dk_yredelemnul_ordeal
D:5:      layout_basic, kennysheep_generic_room_12
D:6:      layout_loops_cross, uniq_pikel
D:7:      layout_basic, temple_pool_b, due_unseen_surprise, uniq_duvessa
D:8:      layout_gridville, tgw_xom, lair_entry_dummy,
          gup_ossuary_entry_pyramid, enter_bailey_4
Bailey:   bailey_polearm_gnolls_kennysheep, bailey

Skill      XL: |  1  2  3  4  5  6  7  8  9 |
---------------+----------------------------+-----
Shields        | 1 2 3 4 5 |  5.3
Fighting       | 2 3 4 5 |  5.2
Unarmed Combat | 4 5 6 8 9 |  9.2
Dodging        | 3 4 5 |  5.7
Throwing       | |  1.7

Action                   |  1- 3 |  4- 6 |  7- 9 || total
-------------------------+-------+-------+-------++-------
Melee: Unarmed           |   114 |    96 |   310 ||   520
       Punch             |     2 |     5 |    10 ||    17
Throw: Large rock        |       |     1 |       ||     1
  Use: Scroll            |       |     8 |     9 ||    17
       Potion            |       |       |     6 ||     6
Armor: Robe              |    34 |    27 |    90 ||   151
Dodge: Dodged            |    43 |    56 |   179 ||   278

Table legend: (Time is in decaauts)
 A = Elapsed time spent in this place.
 B = Non-inter-level travel time spent in this place.
 C = Inter-level travel time spent in this place.
 D = Time resting spent in this place.
 E = Time spent auto-exploring this place.
 F = Levels seen in this place.
 G = Mean time per level.
                   A        B        C        D        E       F      G
               +--------+--------+--------+--------+--------+-----+--------+
         Total |   5243 |   5005 |    238 |    412 |   3444 |   9 |  582.6 |
       Dungeon |   5190 |   4952 |    238 |    412 |   3439 |   8 |  648.8 |
        Bailey |     53 |     53 |      0 |      0 |      5 |   1 |   53.0 |
               +--------+--------+--------+--------+--------+-----+--------+

Top non-repeatable levels by time:
     D:3: 976 daAuts
     D:6: 857 daAuts
     D:5: 803 daAuts
     D:4: 787 daAuts
     D:1: 635 daAuts
     D:2: 616 daAuts
     D:8: 498 daAuts
  Bailey: 53 daAuts
     D:7: 14 daAuts
